 Dungeon Crawl Stone Soup version 0.29-a0-275-g389c0b56f3 (webtiles) character file.

Game seed: 18108838686419046638

84 sanka the Ducker (level 4, -4/41 HPs)
             Began as a Gnoll Monk on Mar 11, 2022.
             Was a Priest of Okawaru.
             Slain by a gnoll
             ... wielding a +0 halberd
              (9 damage)
             ... on level 4 of the Dungeon.
             The game lasted 00:02:46 (1250 turns).

sanka the Ducker (Gnoll Monk)                       Turns: 1250, Time: 00:02:47

Health: -4/41      AC:  4    Str: 12    XL:     4   Next: 46%
Magic:  3/5        EV: 15    Int:  9    God:    Okawaru [***...]
Gold:   91         SH:  0    Dex: 15    Spells: 5/5 levels left

rFire   . . .      SeeInvis .   l - +2 dagger (venom)
rCold   . . .      Faith    .   (no shield)
rNeg    . . .      Spirit   .   b - +0 robe
rPois   .          Reflect  .   c - +0 helmet
rElec   .          Harm     .   (no cloak)
rCorr   .          Rampage  .   i - +0 pair of gloves
Will    .....                   (no boots)
Stlth   +++.......              (no amulet)
HPRegen 0.13/turn               (no ring)
MPRegen 0.09/turn               (no ring)

@: no status effects
A: fangs 1, strong nose, distributed training
a: Renounce Religion, Heroism


You were on level 4 of the Dungeon.
You worshipped Okawaru.
Okawaru was most pleased with you.
You visited 1 branch of the dungeon, and saw 3 of its levels.

You collected 91 gold pieces.


Innate Abilities, Weirdness & Mutations

You have very sharp teeth.
Your uncanny sense of smell can sniff out nearby items.
Your experience applies equally to all skills.


   Skills:
 + Level 6.6 Fighting
 + Level 1.1 Short Blades
 + Level 1.1 Long Blades
 + Level 6.6 Axes
 + Level 1.1 Maces & Flails
 + Level 1.1 Polearms
 + Level 1.1 Staves
 + Level 1.1 Slings
 + Level 1.1 Bows
 + Level 1.1 Crossbows
 + Level 1.1 Throwing
 + Level 1.1 Armour
 + Level 6.6 Dodging
 + Level 4.2 Stealth
 + Level 1.1 Shields
 + Level 1.1 Unarmed Combat
 + Level 1.1 Spellcasting
 + Level 0.9 Conjurations
 + Level 0.9 Hexes
 + Level 0.9 Summonings
 + Level 0.9 Necromancy
 + Level 0.9 Translocations
 + Level 0.9 Transmutations
 + Level 0.9 Fire Magic
 + Level 0.9 Ice Magic
 + Level 0.9 Air Magic
 + Level 0.9 Earth Magic
 + Level 0.9 Poison Magic
 + Level 1.2 Invocations
 + Level 1.1 Evocations


You had 5 spell levels left.
You didn't know any spells.
Your spell library contained the following spells:

 Spells                   Type           Power      Damage    Failure   Level
 Slow                     Hex            8%         N/A       26%         1
 Sting                    Tmut/Pois      8%         1d3       26%         1
 Confusing Touch          Hex            2%         N/A       58%         3
 Vampiric Draining        Necr           2%         2d6       58%         3

Inventory:

Hand Weapons
 a - a +0 hand axe
 l - a +2 dagger of venom (weapon)
Missiles
 k - 2 poisoned darts (quivered)
Armour
 b - a +0 robe (worn)
 c - a +0 helmet (worn)
 i - a +0 pair of gloves (worn)
Jewellery
 m - an amulet of magic regeneration
Scrolls
 d - 3 scrolls of teleportation {unknown}
 g - a scroll of magic mapping {unknown}
 h - a scroll of fog {unknown}
 n - a scroll of vulnerability {unknown}
Potions
 e - a potion of invisibility {unknown}
 f - a potion of heal wounds {unknown}
 j - a potion of attraction {!q}

Dungeon Overview and Level Annotations

Branches:
Dungeon (2/15)

Altars:
Okawaru

Annotations:
D:4 Natasha

. .. ▒K...
▒▒....▒▒▒.▒▒ ▒....
..g.... ▒▒▒..▒..
.▒..... ▒...▒▒.▒
..▒.... ▒)▒▒▒▒.▒
..(▒...
▒g▒▒▒▒.▒▒.......
▒g..............
▒.▒▒............
h..▒▒..K.........
...▒▒▒▒............
▒▒▒▒ ▒............
∆ ▒............
▒............ ∆
▒............


You could see a gnoll (very poisoned) and a kobold.


Message History

The gnoll is moderately wounded.
The gnoll hits you with a +0 whip. The gnoll closely misses you.
You hit the gnoll.
You kill the gnoll!
Okawaru accepts your kill.
The gnoll hits you from afar with a +0 halberd.
* * * LOW HITPOINT WARNING * * *
The gnoll barely misses you.
Items here: )) ††.
You hit the gnoll.
The gnoll is poisoned.
The gnoll is lightly wounded.
The gnoll closely misses you.
You hit the gnoll but do no damage. You bite the gnoll, but do no damage.
The gnoll is lightly wounded.
The gnoll misses you.
You barely miss the gnoll.
The kobold shouts!
You bite the gnoll, but do no damage.
The gnoll is moderately wounded.
You hear an angry hiss.
The gnoll hits you with a +0 halberd!
* * * LOW HITPOINT WARNING * * *
You hit the gnoll.
The gnoll looks even sicker.
The gnoll is moderately wounded.
The gnoll hits you with a +0 halberd!
You die...

Action                   |  1- 3 |  4- 6 || total
-------------------------+-------+-------++-------
Melee: Hand axe          |    45 |       ||    45
       Bite              |     5 |     4 ||     9
       Dagger            |    22 |    18 ||    40
       Punch             |     2 |     1 ||     3
Invok: Heroism           |     2 |       ||     2
  Use: Potion            |     2 |       ||     2
 Stab: Sleeping          |     2 |       ||     2
Armor: Robe              |     9 |       ||     9
Dodge: Dodged            |    46 |    20 ||    66

Levels and vault maps discovered:
D:1:      scummos_arrival_gate, layout_loops_ring,
          shapermc_ecumenical_altar_rom_forum, nrook_mini_backslash
D:2:      layout_loops_cross, uniq_robin, uniq_sigmund
D:4:      layout_rooms, minmay_temple_entry_nine_rooms, nicolae_stop_n_shop_1,
          uniq_natasha

Notes
Turn   | Place    | Note
-------+----------+-------------------------------------------
     0 | D:1      | sanka the Gnoll Monk began the quest for the Orb.
     0 | D:1      | Reached XP level 1. HP: 23/23 MP: 1/1
   436 | D:1      | Found a faded altar of an unknown god.
   444 | D:1      | Got Plato's Reference Book on Transmutation
   445 | D:1      | Prayed at the altar of an unknown god.
   445 | D:1      | Became a worshipper of Warmaster Okawaru
   445 | D:1      | Reached * piety under Okawaru
   445 | D:1      | Reached ** piety under Okawaru
   796 | D:2      | Reached XP level 2. HP: 24/29 MP: 2/2
   803 | D:2      | Noticed Robin
   811 | D:2      | HP: 1/29 [Robin/+0 mace (8)]
   828 | D:2      | Reached XP level 3. HP: 12/35 MP: 0/3
   836 | D:2      | Killed Robin
  1134 | D:2      | Reached skill level 1 in Invocations
  1147 | D:2      | Reached skill level 1 in Short Blades
  1147 | D:2      | Reached skill level 1 in Long Blades
  1147 | D:2      | Reached skill level 1 in Maces & Flails
  1147 | D:2      | Reached skill level 1 in Polearms
  1147 | D:2      | Reached skill level 1 in Staves
  1147 | D:2      | Reached skill level 1 in Slings
  1147 | D:2      | Reached skill level 1 in Bows
  1147 | D:2      | Reached skill level 1 in Crossbows
  1147 | D:2      | Reached skill level 1 in Throwing
  1147 | D:2      | Reached skill level 1 in Armour
  1147 | D:2      | Reached skill level 1 in Shields
  1147 | D:2      | Reached skill level 1 in Unarmed Combat
  1147 | D:2      | Reached skill level 1 in Spellcasting
  1147 | D:2      | Reached skill level 1 in Evocations
  1221 | D:4      | Noticed Natasha
  1230 | D:4      | Reached *** piety under Okawaru
  1231 | D:4      | Reached XP level 4. HP: 35/41 MP: 2/5
  1250 | D:4      | Slain by a gnoll

Vanquished Creatures
  Robin (D:2)
  3 gnolls (D:4)
  2 adders (D:2)
  8 goblins (D:2)
  5 hobgoblins
  2 jackals (D:2)
  2 frilled lizards (D:1)
  3 kobolds
  A rat (D:2)
27 creatures vanquished.
